 Dungeon Crawl Stone Soup version 0.30-a0-800-g7c544603b3 (webtiles) character file.

Game seed: 13217421427414631191

145420 cheesebisquit the Warrior (level 16, -10/160 HPs)
             Began as a Minotaur Berserker on Feb 21, 2023.
             Was an Elder of Trog.
             Mangled by an orc warrior
             ... wielding a +1 glaive of venom
              (29 damage)
             ... on level 2 of the Orcish Mines on Feb 22, 2023.
             The game lasted 01:34:15 (19752 turns).

cheesebisquit the Warrior (Minotaur Berserker)     Turns: 19752, Time: 01:34:16

Health: -10/160    AC:  8    Str: 35    XL:     16   Next: 87%
Magic:  15/15      EV: 13    Int:  4    God:    Trog [****..]
Gold:   1038       SH:  5    Dex: 14    Spells: 15/15 levels left

rFire   . . .      SeeInvis .    a - +5 hand axe (elec)
rCold   . . .      Faith    .    S - +0 buckler
rNeg    . . .      Spirit   .    f - +1 plate armour
rPois   .          Reflect  .    (helmet restricted)
rElec   .          Harm     .    M - +1 cloak
rCorr   .          Rampage  .    Q - +2 pair of gloves {hurl}
Will    +....                    G - +1 pair of boots "Nane" {Dex+3} Stlth
                                 Z - amulet of regeneration
HPRegen 1.26/turn                A - +4 ring of protection
MPRegen 0.14/turn                o - +6 ring of strength

@: mighty, spiked, corroded, on berserk cooldown, hasted and slowed
A: horns 2, retaliatory headbutt
a: Renounce Religion, Berserk, Trog's Hand, Brothers in Arms


You were on level 2 of the Orcish Mines.
You worshipped Trog.
Trog was greatly pleased with you.
You visited 3 branches of the dungeon, and saw 19 of its levels.
You also visited: Volcano.

You collected 1780 gold pieces.
You spent 742 gold pieces at shops.

Inventory:

Hand Weapons
 a - a +5 hand axe of electrocution (weapon)
 b - a +3 heavy flail
 t - a +0 heavy war axe
 w - a +4 sling
 O - a +1 mace of protection
 R - a +2 antimagic hand axe
Missiles
 j - 10 poisoned darts (quivered)
 B - 5 curare-tipped darts
 P - 5 throwing nets
 T - 3 boomerangs of dispersal
 U - 2 atropa-tipped darts
 V - 3 datura-tipped darts
Armour
 f - a +1 plate armour (worn)
 F - the +0 leather armour of Zeisaer {rF++ rN+ Str+2}
   (You found it on level 6 of the Dungeon)

   Str:       It affects your strength (+2).
   rF:        It greatly protects you from fire.
   rN:        It protects you from negative energy.
 G - the +1 pair of boots "Nane" (worn) {Dex+3}
   (You bought it in a shop on level 1 of the Dungeon)

   Dex:       It affects your dexterity (+3).
 K - +0 swamp dragon scales
 M - a +1 cloak (worn)
 Q - a +2 pair of gloves of hurling (worn)
 S - a +0 buckler (worn)
Jewellery
 o - a +6 ring of strength (right hand)
 y - a ring of protection from fire
 A - a +4 ring of protection (left hand)
 Z - an amulet of regeneration (around neck)
Wands
 l - a wand of polymorph (4)
 m - a wand of mindburst (10)
 v - a wand of flame (28)
 C - a wand of paralysis (25)
 H - a wand of iceblast (25)
Scrolls
 c - 3 scrolls of magic mapping
 d - 6 scrolls of fog
 i - 8 scrolls of fear
 k - 6 scrolls of teleportation
 n - 3 scrolls of vulnerability
 p - 2 scrolls of immolation
 q - 3 scrolls of poison
 I - 2 scrolls of blinking
 J - a scroll of brand weapon
 L - 7 scrolls of identify
 Y - a scroll of butterflies
Potions
 e - 3 potions of lignification
 g - 9 potions of curing
 h - 6 potions of flight
 r - 2 potions of cancellation
 s - a potion of invisibility
 u - 4 potions of attraction
 x - 5 potions of might
 z - 5 potions of heal wounds
 E - 3 potions of berserk rage
 N - 2 potions of mutation
 X - 2 potions of magic


   Skills:
 - Level 19.0 Fighting
 - Level 16.9 Axes
 - Level 8.0 Throwing
 - Level 17.9 Armour
 - Level 10.7 Dodging
 + Level 3.9 Shields


You had 15 spell levels left.
You didn't know any spells.
Your spell library was empty.

Dungeon Overview and Level Annotations

Branches:
Dungeon (12/15)            Temple (0/1) D:7            Lair (5/5) D:11
 Shoals (0/4) Lair:3        Snake (0/4) Lair:2        Slime (0/5) Lair:5
    Orc (2/2) D:9             Elf (0/3) Orc:2       Volcano (visited)

Altars:
Fedhas
Gozag
Okawaru
Qazlal
Ru
The Shining One

Shops:
D:1 *   D:7 *   D:11 *   Orc:1 *

Portals:
Gauntlet: Orc:2


Innate Abilities, Weirdness & Mutations

You have a pair of horns on your head.
You reflexively headbutt those who attack you in melee.


Message History

The orcs go into a battle-frenzy!
The orc wizard hits you but does no damage.
The orc priest hits you but does no damage.
The orc warrior hits you with a +1 glaive of venom!
* * * LOW HITPOINT WARNING * * *
You are poisoned.
You block the red devil's attack. You block the rust devil's attack.
The red devil hits you from afar with a +0 trident!
* * * LOW HITPOINT WARNING * * *
Barbed spikes become lodged in your body.
You hear a shout!
An orc comes into view. It is wielding a +0 flail.
You feel much better.
You feel very sick.
The orc shouts!
The rust devil disappears in a puff of smoke!
Something hits you. The orc wizard closely misses you. You furiously retaliate!
You headbutt the orc wizard.
The orc high priest performs a strange gesture.
The orc high priest closely misses you.
The orc high priest hits you but does no damage.
The orc priest calls down the wrath of Beogh upon you.
Pain shoots through your body!
The red devil hits you from afar with a +0 trident!
* * * LOW HITPOINT WARNING * * *
Barbed spikes become lodged in your body.
The red devil closely misses you.
The orc moves out of view.
You feel better. Something hits you.
* * * LOW HITPOINT WARNING * * *
The orc priest invokes the aid of Beogh against you.
Beogh smites you!
* * * LOW HITPOINT WARNING * * *
You block the orc's attack.
The orc high priest hits you from afar with a +0 halberd!
* * * LOW HITPOINT WARNING * * *
The orc wizard hits you with a +0 dagger.
* * * LOW HITPOINT WARNING * * *
You block the orc high priest's attack.
The orc warrior hits you with a +1 glaive of venom!!
You die...

... #. .... o ..
....#####o .....
......o. #.....
.....ooo #......
#####.oo######.......
......4o@o...........
......oo)o).....#....
......4)o))........#
.........).))<)....#
....#o....$.......##
.....#...........##
#................#
#.........#..##...#
...$....##### #.##


You could see an orc knight, 2 orc high priests, 2 red devils, 3 orc warriors, 2
orc priests, 2 orc wizards and 2 orcs.

Vanquished Creatures
  Kirke (Lair:3)
  Snorg (Lair:4)
  A fire dragon (Lair:5)
  Josephine (D:12)
  Fannar (Orc:1)
  Harold (D:11)
  Erolcha (D:12)
  The ghost of hikkokomori the Covert, a journeyman GrMo of Vehumet (D:11)
  3 hydras
  The ghost of mistaj the Fighter, a journeyman GrFi of Okawaru (D:10)
  The ghost of DiggyJ the Grappler, a novice TrBe of Trog (D:11)
  A catoblepas (Lair:2)
  2 boulder beetles
  The ghost of teamwork the Destroyer, a journeyman DsCj of Vehumet (D:11)
  10 death yaks
  5 two-headed ogres
  2 orc high priests (Orc:2)
  2 skysharks
  Nergalle (D:11)
  3 lindwurms
  An orc knight (Orc:2)
  2 wolf spiders (Lair:5)
  An ugly thing (D:12)
  A cyclops (D:11)
  2 orc sorcerers (Orc:2)
  An oklob plant (Lair:3)
  A manticore (D:11)
  9 black mambas
  A salamander (Lair:3)
  A guardian serpent (Lair:5)
  2 molten gargoyles (Lair:3)
  7 torpor snails
  16 cane toads
  4 gargoyles
  Maggie (D:7)
  A yaktaur (D:10)
  2 unseen horrors
  4 rime drakes
  9 komodo dragons
  9 hornets (Lair:5)
  3 trolls
  4 polar bears
  4 tyrant leeches
  31 blink frogs
  2 dream sheep (Lair:2)
  3 slime creatures (D:12)
  A shadow (D:9)
  16 wyverns
  48 yaks
  3 hogs
  2 basilisks
  9 fire bats
  6 wraiths
  4 fire elementals (Lair:3)
  4 steam dragons
  6 vampire mosquitoes
  3 redbacks (Lair:5)
  Edmund (D:4)
  Menkaure (D:7)
  An acid dragon (D:11)
  3 swamp worms (Lair:4)
  17 water moccasins
  2 nagas (Lair:2)
  8 orc warriors
  8 ice beasts
  2 black bears
  A sky beast (D:8)
  7 wolves
  5 ogres
  14 centaurs
  4 phantoms
  A kobold brigand (D:11)
  A necrophage (D:4)
  18 bullfrogs
  16 wights
  A scorpion (D:6)
  A troll zombie (D:9)
  11 killer bees
  2 electric eels
  5 howler monkeys
  4 lava snakes
  A quasit (D:7)
  5 gnoll boudas
  6 hounds
  18 orc priests
  3 jellies
  5 iguanas
  11 orc wizards
  7 hell rats (Lair:1)
  5 ogre zombies (D:9)
  25 gnolls
  12 adders
  2 shadow imps
  2 white imps (D:5)
  2 ufetubi
  A worm (D:3)
  4 dart slugs
  26 orcs
  3 ball pythons
  3 bats
  11 endoplasms
  A giant cockroach (D:4)
  5 goblins
  5 hobgoblins
  2 quokkas (D:4)
  A frilled lizard (D:1)
  2 goblin skeletons
  2 goblin zombies (D:9)
  5 hobgoblin zombies
  14 kobolds
  2 kobold skeletons (D:7)
  A kobold zombie (D:7)
  7 orc skeletons
  11 orc zombies
  7 rats
615 creatures vanquished.

Vanquished Creatures (others)
  3 humans (Lair:3)
  A centaur (Lair:3)
  2 orc wizards
  An orc (D:6)
  41 fungi
  107 plants
  4 withered plants (D:11)
159 creatures vanquished.

Grand Total: 774 creatures vanquished

Notes
Turn   | Place    | Note
-------+----------+-------------------------------------------
     0 | D:1      | cheesebisquit the Minotaur Berserker began the quest for
                  | the Orb.
     0 | D:1      | Reached XP level 1. HP: 19/19 MP: 0/0
    19 | D:1      | Found Dappucej's Assorted Antiques.
   214 | D:1      | Reached XP level 2. HP: 27/27 MP: 1/1
   620 | D:1      | Bought a fizzy blue potion for 15 gold pieces
   620 | D:1      | Bought a scroll labelled IHUOR GU ZUYST for 17 gold pieces
   620 | D:1      | Bought a scroll labelled CAEQAG RULUI for 17 gold pieces
   754 | D:2      | Reached skill level 5 in Axes
   754 | D:2      | Reached XP level 3. HP: 32/33 MP: 2/2
   831 | D:2      | Reached ** piety under Trog
   859 | D:2      | Reached XP level 4. HP: 40/40 MP: 3/3
   869 | D:2      | Noticed a shining eye
   871 | D:2      | Found a faded altar of an unknown god.
   874 | D:2      | Noticed an eye of devastation
   879 | D:2      | Noticed a shining eye
   882 | D:2      | Noticed a golden eye
  1739 | D:3      | Reached XP level 5. HP: 46/46 MP: 4/4
  2205 | D:4      | Noticed a phantom
  2218 | D:4      | Killed a phantom
  2219 | D:4      | Reached XP level 6. HP: 52/52 MP: 5/5
  2342 | D:4      | Reached XP level 7. HP: 47/58 MP: 6/6
  2591 | D:4      | Noticed Edmund
  2600 | D:4      | Killed Edmund
  2601 | D:4      | Reached skill level 10 in Axes
  2801 | D:5      | Entered Level 5 of the Dungeon
  3283 | D:5      | Reached XP level 8. HP: 66/66 MP: 7/7
  4337 | D:6      | Reached XP level 9. HP: 71/71 MP: 8/8
  4625 | D:6      | Identified the +0 leather armour of Zeisaer {rF++ rN+
                  | Str+2}
  4786 | D:1      | Bought a pair of scorched boots for 161 gold pieces
  4786 | D:1      | Identified the +1 pair of boots "Nane" {Dex+3} (You bought
                  | it in a shop on level 1 of the Dungeon)
  4786 | D:1      | Bought a runed fluorescent wand for 68 gold pieces
  4786 | D:1      | Bought a dented diamond amulet for 85 gold pieces
  4943 | D:7      | Reached skill level 4 in Fighting
  5038 | D:7      | Reached skill level 5 in Fighting
  5155 | D:7      | Reached skill level 5 in Armour
  5162 | D:7      | Reached skill level 6 in Fighting
  5271 | D:7      | Found a staircase to the Ecumenical Temple.
  5418 | D:7      | Found Fotug's General Store.
  5421 | D:7      | Bought a scroll of identify for 24 gold pieces
  5474 | D:7      | Reached skill level 7 in Fighting
  5474 | D:7      | Noticed Menkaure
  5482 | D:7      | Killed Menkaure
  5580 | D:7      | Found a blossoming altar of Fedhas.
  5580 | D:7      | Found a sacrificial altar of Ru.
  5657 | D:7      | Found a glowing golden altar of the Shining One.
  5992 | D:7      | Noticed Maggie
  6005 | D:7      | Killed Maggie
  6006 | D:7      | Reached XP level 10. HP: 88/88 MP: 9/9
  6263 | D:8      | Reached skill level 8 in Fighting
  6338 | D:8      | Noticed a two-headed ogre
  6342 | D:8      | Reached skill level 9 in Fighting
  6350 | D:8      | Killed a two-headed ogre
  6366 | D:8      | Reached skill level 10 in Fighting
  6548 | D:8      | Reached skill level 10 in Armour
  6922 | D:8      | Found an iron altar of Okawaru.
  7592 | D:9      | Found a staircase to the Orcish Mines.
  7599 | D:9      | Reached XP level 11. HP: 101/101 MP: 10/10
  7600 | D:9      | Reached skill level 11 in Fighting
  7624 | D:9      | Reached *** piety under Trog
  8302 | D:10     | Entered Level 10 of the Dungeon
  8409 | D:10     | Found an opulent altar of Gozag.
  8421 | D:10     | Found a runed translucent door.
  8444 | D:10     | Noticed a two-headed ogre
  8453 | D:10     | Killed a two-headed ogre
  8454 | D:10     | Reached skill level 12 in Fighting
  8741 | D:10     | Noticed a two-headed ogre
  8749 | D:10     | Killed a two-headed ogre
  8871 | D:10     | Noticed mistaj's ghost (journeyman GrFi)
  9016 | D:11     | Reached skill level 13 in Fighting
  9251 | D:11     | Noticed a two-headed ogre
  9263 | D:11     | Killed a two-headed ogre
  9264 | D:11     | Reached XP level 12. HP: 116/116 MP: 11/11
  9381 | D:11     | Found a stormy altar of Qazlal.
  9449 | D:11     | Noticed Nergalle
  9460 | D:11     | Killed Nergalle
  9461 | D:11     | Reached skill level 14 in Fighting
  9510 | D:11     | Found a staircase to the Lair.
  9520 | D:11     | Noticed Harold
  9530 | D:11     | Killed Harold
  9672 | D:11     | Found Pauhairph's Assorted Antiques.
  9677 | D:11     | Bought a pair of runed gloves for 165 gold pieces
  9677 | D:11     | Bought a glowing hand axe for 132 gold pieces
  9685 | D:11     | Reached XP level 13. HP: 125/125 MP: 12/12
  9788 | D:11     | Found a runed translucent gate.
  9788 | D:11     | Found a runed translucent gate.
  9789 | D:11     | Found a runed translucent gate.
  9790 | D:11     | Noticed teamwork's ghost (journeyman DsCj)
  9790 | D:11     | Noticed DiggyJ's ghost (novice TrBe)
  9790 | D:11     | Noticed hikkokomori's ghost (journeyman GrMo)
  9870 | D:11     | Reached skill level 15 in Fighting
  9870 | D:11     | Reached skill level 15 in Armour
  9870 | D:11     | Reached skill level 10 in Dodging
  9870 | D:11     | Reached XP level 14. HP: 135/135 MP: 13/13
  9871 | D:11     | Reached skill level 15 in Axes
  9871 | D:11     | Reached XP level 15. HP: 143/143 MP: 14/14
 10094 | D:12     | Noticed Josephine
 10100 | D:12     | Killed Josephine
 10209 | D:12     | Noticed Erolcha
 10215 | D:12     | Killed Erolcha
 10216 | D:12     | Reached skill level 16 in Fighting
 10278 | D:12     | Identified the +4 short sword "Isyum" {venom, MP+9 SInv}
 11179 | D:10     | Killed mistaj's ghost
 11266 | D:11     | Killed hikkokomori's ghost
 11267 | D:11     | Killed teamwork's ghost
 11269 | D:11     | Killed DiggyJ's ghost
 11471 | Lair:1   | Entered Level 1 of the Lair of Beasts
 12837 | Lair:2   | Found a staircase to the Snake Pit.
 13398 | Lair:2   | Reached skill level 17 in Fighting
 13796 | Lair:3   | Reached skill level 1 in Throwing
 13921 | Lair:3   | Reached XP level 16. HP: 103/155 MP: 15/15
 14262 | Lair:2   | Found a staircase to the Snake Pit.
 14761 | Lair:3   | Noticed Kirke
 14886 | Lair:3   | Reached skill level 5 in Throwing
 14991 | Lair:3   | Killed Kirke
 15230 | Lair:3   | Found a staircase to the Shoals.
 15338 | Lair:3   | Found a blossoming altar of Fedhas.
 15812 | Lair:4   | Noticed Snorg
 15832 | Lair:4   | Killed Snorg
 17013 | Lair:5   | Entered Level 5 of the Lair of Beasts
 17127 | Lair:5   | Found a dark tunnel.
 17132 | Volcano  | Entered a volcano
 17420 | Lair:5   | Identified the +6 glaive of the Sea {venom, *Rage rPois
                  | rCorr Stlth-}
 17541 | Lair:5   | Found a staircase to the Slime Pits.
 17554 | Lair:5   | Reached skill level 18 in Fighting
 17593 | Lair:5   | Reached **** piety under Trog
 18104 | Lair:5   | Found a runed translucent door.
 19228 | Orc:1    | Entered Level 1 of the Orcish Mines
 19242 | Orc:1    | Noticed Fannar
 19251 | Orc:1    | Killed Fannar
 19252 | Orc:1    | Reached skill level 19 in Fighting
 19256 | Orc:1    | Found Ocheun's General Store.
 19269 | Orc:1    | Bought a +0 buckler for 58 gold pieces
 19570 | Orc:2    | Entered Level 2 of the Orcish Mines
 19570 | Orc:2    | Found a gate leading to a gauntlet.
 19570 | Orc:2    | Found a staircase to the Elven Halls.
 19573 | Orc:2    | Reached skill level 1 in Shields
 19752 | Orc:2    | Mangled by an orc warrior

Illustrated notes

Levels and vault maps discovered:
D:1:      dreamdust_arrival_sigmund_warning, layout_basic, serial_shops,
          nicolae_shop_window_shopping, serial_bayou_pond_c,
          corexii_hall_statues_l, nicolae_kite_square_tiling_tiny,
          minmay_misc_feat_rows
D:2:      layout_loops_ring, hellmonk_ecumenical_altar_watching_god
D:3:      layout_loops_ring
D:4:      layout_loops_ring, uniq_edmund
D:5:      minmay_diamond_boxcup, layout_basic, serial_bayou,
          serial_bayou_pond_c, serial_bayou_crossing, serial_bayou_pond_a,
          serial_bayou_pond_c, serial_bayou_pond_d, serial_bayou_pond_a
D:6:      layout_cave_pools, kennysheep_big_empty_room, skrybe_limestone_x
D:7:      layout_loops_ring, nicolae_tso_besieged_by_evil,
          mainiacjoe_overflow_divided_tiny, minmay_temple_entry_ruins,
          serial_shops, nicolae_shop_trees, serial_aquarium,
          aquarium_bridge_straight [aquarium_subvault_bridge,
          aquarium_subvault_balcony, aquarium_subvault_bridge,
          aquarium_subvault_window], aquarium_window_1, aquarium_window_corner,
          aquarium_view_2d, uniq_maggie, uniq_menkaure
D:8:      layout_loops_cross, minivault_22, david_defended_altar_orc
D:9:      layout_loops_ring, zombieorc1_lemuel
D:10:     layout_basic, mainiacjoe_overflow_cross_hatched,
          ebering_ghost_inner_flame
D:11:     minmay_angry_zag, layout_loops_ring, hellmonk_lair_entry_icy,
          serial_shops, shop, gammafunk_ghost_cemetery,
          nicolae_qazlal_general_emergency, uniq_harold, uniq_nergalle
D:12:     layout_rooms, uniq_erolcha, uniq_josephine
Lair:1:   layout_hall_layers, lemuel_fruit_tree, infiniplex_staircase_pool_2,
          serial_bayou_shore_a
Lair:2:   layout_regular_city, minmay_snake_entry_guardpost_small,
          minmay_shattered_shrine, grunt_megastairs_5
Lair:3:   layout_chaotic_city, minmay_shoals_entry_centaurs, tgw_fedhas,
          uniq_kirke
Lair:4:   hellmonk_ruined_rings, layout_hall_layers, worms_lemuel, uniq_snorg
Lair:5:   hangedman_lair_tendril_chambers, layout_regular_city, wormcave,
          slime_entry_1, enter_volcano_4
Orc:1:    layout_caves, serial_shops, nicolae_shop_advertising_works
          [nicolae_subvault_shop_adworks], nicolae_orc_sculptors_studio,
          uniq_fannar
Orc:2:    st_orc_mages, layout_caves, gauntlet_entry_generic

Skill      XL: |  1  2  3  4  5  6  7  8  9 10 11 12 13 14 15 16 |
---------------+-------------------------------------------------+-----
Axes           | 4 5 6 8 9 11 14 15 16 | 16.9
Fighting       | 7 10 13 14 15 17 19 | 19.0
Armour         | 7 10 13 14 15 17 | 17.9
Dodging        | 9 10 | 10.7
Throwing       | 4 8 |  8.0
Shields        | 3 |  3.9

Action                     |  1- 3 |  4- 6 |  7- 9 | 10-12 | 13-15 | 16-18 || total
---------------------------+-------+-------+-------+-------+-------+-------++-------
  Melee: Hand axe          |    64 |   111 |   319 |    18 |   244 |   417 ||  1173
         Headbutt          |     8 |    21 |    56 |    75 |    89 |   101 ||   350
         Punch             |       |       |     4 |     2 |     1 |     3 ||    10
         War axe           |       |       |       |   350 |    58 |       ||   408
         Flail             |       |       |       |       |     4 |     9 ||    13
  Throw: Dart              |       |       |       |     6 |       |     4 ||    10
 Invoke: Berserk           |       |     3 |    14 |    14 |    12 |    15 ||    58
         Trog's Hand       |       |     3 |    16 |    23 |    20 |    22 ||    84
  Evoke: Wand              |       |       |     5 |     2 |       |     2 ||     9
    Use: Scroll            |       |       |    13 |     7 |    11 |     5 ||    36
         Potion            |       |       |       |     1 |     2 |    19 ||    22
 Armour: Scale mail        |    10 |       |       |       |       |       ||    10
         Plate armour      |    16 |    64 |   156 |   257 |   136 |   324 ||   953
  Dodge: Dodged            |    20 |    49 |   106 |   162 |   116 |   312 ||   765
  Block: Buckler           |       |       |       |       |       |    24 ||    24

Table legend: (Time is in decaauts)
 A = Elapsed time spent in this place.
 B = Non-inter-level travel time spent in this place.
 C = Inter-level travel time spent in this place.
 D = Time resting spent in this place.
 E = Time spent auto-exploring this place.
 F = Levels seen in this place.
 G = Mean time per level.
                   A        B        C        D        E       F      G
               +--------+--------+--------+--------+--------+-----+--------+
         Total |  19847 |  18072 |   1775 |   1510 |  13375 |  20 |  992.3 |
       Dungeon |  11689 |  10364 |   1325 |    825 |   7618 |  12 |  974.1 |
          Lair |   7364 |   6954 |    410 |    577 |   5305 |   5 | 1472.8 |
  Orcish Mines |    525 |    486 |     39 |    107 |    284 |   2 |  262.5 |
       Volcano |    267 |    267 |      0 |      0 |    168 |   1 |  267.0 |
               +--------+--------+--------+--------+--------+-----+--------+

Top non-repeatable levels by time:
  Lair:2: 2016 daAuts
  Lair:5: 1766 daAuts
    D:11: 1398 daAuts
  Lair:4: 1309 daAuts
     D:7: 1301 daAuts
     D:5: 1268 daAuts
  Lair:1: 1252 daAuts
     D:9: 1239 daAuts
  Lair:3: 1019 daAuts
     D:4: 984 daAuts
     D:8: 942 daAuts
    D:10: 841 daAuts
     D:3: 788 daAuts
     D:6: 770 daAuts
     D:1: 744 daAuts
